Construct Weapon Support Center
Construct Weapon Support Center
Selects Advanced Infantry Battlegroup
Selects Advanced Infantry Battlegroup
Selects Advanced Infantry Battlegroup
Selects Convert to Ranger Squad
Construct Medical Station
M3 Armored Personnel Carrier
Selects Ammunition Storage
Selects M2A1 105mm Howitzer Emplacement
M18 Hellcat Tank Destroyer
Selects Designate Assault Position
Selects Ranger Weapon Training